 Dungeon Crawl Stone Soup version 0.24.0-13-gcf9b3192b9 (webtiles) character file.

Game seed: 1450302659416298616, levelgen mode: deterministic

175 zkyp the Skirmisher (level 5, 0/45 HPs)
             Began as a Demigod Artificer on Nov 10, 2019.
             Slain by a hippogriff (2 damage)
             ... on level 5 of the Dungeon.
             The game lasted 00:03:22 (1858 turns).

zkyp the Skirmisher (Demigod Artificer)             Turns: 1858, Time: 00:03:22

Health: 0/45       AC:  9    Str: 17    XL:     5   Next: 8%
Magic:  9/9        EV: 10    Int: 20    God:
Gold:   184        SH:  0    Dex: 16    Spells: 4/4 levels left

rFire    . . .     SeeInvis .   b - +0 short sword
rCold    + . .     Gourm    .   (no shield)
rNeg     . . .     Faith    .   m - +0 scale mail
rPois    .         Spirit   .   p - +2 helmet
rElec    .         Reflect  .   (no cloak)
rCorr    .         Harm     .   (no gloves)
MR       .....                  (no boots)
Stlth    ..........             (no amulet)
HPRegen  0.15/turn              (no ring)
MPRegen  0.11/turn              r - ring of protection from cold

@: brilliant, very slightly contaminated, invisible
A: high mp 1
a: no special abilities


You were on level 5 of the Dungeon.
You were not hungry.

You visited 1 branch of the dungeon, and saw 5 of its levels.

You collected 184 gold pieces.

Inventory:

Hand Weapons
 a - a +0 hand crossbow
 b - a +0 short sword (weapon)
 l - a +0 hand axe
Missiles
 j - 3 boomerangs (quivered)
 q - 17 bolts
Armour
 m - a +0 scale mail (worn)
 p - a +2 helmet (worn)
Jewellery
 r - a ring of protection from cold (right hand)
Wands
 c - a wand of flame (15)
 d - a wand of enslavement (4)
 e - a wand of random effects (15)
Scrolls
 h - a scroll of immolation {unknown}
 i - a scroll of fear {unknown}
 k - 5 scrolls of remove curse {unknown}
 n - a scroll of amnesia {unknown}
 t - a scroll of enchant armour {unknown}
Potions
 v - a potion of resistance {unknown}
 w - 2 potions of brilliance
 x - a potion of might {unknown}
 z - a potion of lignification {unknown}
Comestibles
 f - 6 rations
 u - 2 chunks of flesh


   Skills:
 - Level 3.5 Fighting
 - Level 0.8 Short Blades
 + Level 2.9 Crossbows
 - Level 1.7 Dodging
 - Level 0.8 Stealth
 - Level 2.6 Evocations


You had 4 spell levels left.
You didn't know any spells.
Your spell library was empty.

Dungeon Overview and Level Annotations

Branches:
Dungeon (6/15)
 Temple: D:4-7


Innate Abilities, Weirdness & Mutations

You have an increased reservoir of magic. (+10% MP)


Message History

You catch the helpless hippogriff completely off-guard!
You hit the hippogriff.
The hippogriff is heavily wounded.
The hippogriff misses you. The hippogriff closely misses you.
The hippogriff claws you.
* * * LOW HITPOINT WARNING * * *
Okay, then.
Evoke which item? (* to show all) (? for menu, Esc to quit)
Aiming: Enslavement
Press: ? - help, Shift-Dir - straight line, f/p - hippogriff
Aim: a hippogriff (heavily wounded, chance to defeat MR: 50%)
The hippogriff resists with some effort.
The hippogriff closely misses you. The hippogriff barely misses you. x2
Evoke which item? (* to show all) (? for menu, Esc to quit)
Aiming: Enslavement
Press: ? - help, Shift-Dir - straight line, f/p - hippogriff
Aim: a hippogriff (heavily wounded, chance to defeat MR: 50%)
The hippogriff resists with some effort.
The hippogriff barely misses you. x2; The hippogriff claws you.
You die...

#..##.# # #..##.#
#...#######..##.#
.......>.....##.####.#
.....................#
...........####.####.#
#....####### #.# #....
####.# #.>. #.H@.# #..
#(#### #.. .?. #(#.
#.#. # ##


You could see a hippogriff.

Vanquished Creatures
  2 gnolls (D:3)
  3 adders
  An ooze (D:1)
  A worm (D:2)
  2 dart slugs (D:1)
  3 giant cockroaches
  5 goblins
  4 hobgoblins
  2 jackals (D:2)
  A quokka (D:2)
  6 bats
  7 frilled lizards
  5 kobolds
  9 rats
51 creatures vanquished.

Vanquished Creatures (collateral kills)
  A bullfrog (D:6)
  3 gnolls (D:6)
  An adder (D:2)
  An orc (D:3)
  A quokka (D:2)
  2 goblins (D:2)
  A kobold (D:2)
10 creatures vanquished.

Vanquished Creatures (others)
  A sky beast (D:6)
  A gnoll (D:3)
  An adder (D:6)
  A quokka (D:2)
4 creatures vanquished.

Grand Total: 65 creatures vanquished

Notes
Turn   | Place    | Note
-------+----------+-------------------------------------------
     0 | D:1      | zkyp the Demigod Artificer began the quest for the Orb.
     0 | D:1      | Reached XP level 1. HP: 15/15 MP: 5/5
    27 | D:1      | Reached skill level 1 in Fighting
   308 | D:1      | Reached skill level 2 in Fighting
   329 | D:1      | Reached XP level 2. HP: 21/24 MP: 6/6
   764 | D:2      | Reached XP level 3. HP: 10/30 MP: 7/7
   797 | D:2      | Reached skill level 3 in Fighting
  1442 | D:2      | Found a blossoming altar of Fedhas.
  1563 | D:3      | Reached XP level 4. HP: 38/38 MP: 8/8
  1575 | D:3      | Reached skill level 1 in Crossbows
  1705 | D:3      | Found a hide-covered altar of Uskayaw.
  1757 | D:3      | You fall into a shaft and drop 3 floors!
  1758 | D:6      | Noticed a sky beast
  1781 | D:6      | Noticed a bullfrog
  1801 | D:6      | Killed a bullfrog
  1801 | D:6      | Reached XP level 5. HP: 33/45 MP: 9/9
  1806 | D:5      | Entered Level 5 of the Dungeon
  1829 | D:5      | Noticed a hippogriff
  1846 | D:5      | HP: 1/45 [hippogriff (6)]
  1856 | D:5      | HP: 1/45 [hippogriff (6)]
  1858 | D:5      | Slain by a hippogriff

Levels and vault maps discovered:
D:1:      wander_arrival_estate, layout_loops_ring
D:2:      layout_rooms, fedhas_altar_4
D:3:      layout_rooms, eat_drink_and_be_merry_uskayaw, tso_altar,
          cheibrodos_sewer_entry_bend
D:5:      layout_loops_cross, lemuel_coloured_pillars_altar, temple_pool_b,
          first_ration, led_sif_pool, uniq_blork_the_orc
D:6:      layout_layer_cave, nicolae_ossuary_entry_catacombs

Skill      XL: |  1  2  3  4 |
---------------+-------------+-----
Fighting       | 2 3 |  3.5
Crossbows      | 2 |  2.9
Short Blades   | |  0.8
Dodging        | |  1.7
Stealth        | |  0.8
Evocations     | |  2.6

Action                   |  1- 3 |  4- 6 || total
-------------------------+-------+-------++-------
Melee: Short sword       |   115 |    60 ||   175
 Fire: Hand crossbow     |    13 |     5 ||    18
Throw: Boomerang         |     4 |       ||     4
Evoke: Wand              |     3 |     8 ||    11
  Use: Potion            |     1 |     6 ||     7
 Stab: Sleeping          |     3 |       ||     3
       Invisible         |       |     3 ||     3
  Eat: Chunk             |     2 |     1 ||     3
Armor: Leather armour    |    19 |       ||    19
       Scale mail        |    52 |    50 ||   102
Dodge: Dodged            |    91 |    62 ||   153
